 Dungeon Crawl Stone Soup version 0.28.0-53-g5a82cb258f (webtiles) character file.

Game seed: 911965815574183037

30 Plasmagod the Magician (level 3, -2/25 HPs)
             Began as a Djinni Hedge Wizard on July 18, 2022.
             Slain by a gnoll
             ... wielding a +0 whip
              (4 damage)
             ... on level 2 of the Dungeon.
             The game lasted 00:02:33 (1680 turns).

Plasmagod the Magician (Djinni Hedge Wizard)        Turns: 1680, Time: 00:02:34

Health: -2/25      AC:  2    Str:  9    XL:     3   Next: 37%
Gold:   25         EV: 12    Int: 17    God:
                   SH:  0    Dex: 12

rFire   + + .      SeeInvis .   a - +0 dagger
rCold   x . .      Faith    .   (no shield)
rNeg    . . .      Spirit   .   b - +0 robe
rPois   ∞          Reflect  .   c - +0 hat
rElec   .          Harm     .   (no cloak)
rCorr   .          Rampage  .   (no gloves)
Will    .....                   (boots unavailable)
Stlth   ++........              (no amulet)
HPRegen 0.08/turn               (no ring)
MPRegen 0.00/turn               (no ring)

@: flying
A: sickness immunity, fire resistance 2, cold vulnerability 1, float, innate
caster, HP casting, extra vitality 1
a: no special abilities


You were on level 2 of the Dungeon.
You visited 1 branch of the dungeon, and saw 2 of its levels.

You collected 25 gold pieces.

Inventory:

Hand Weapons
 a - a +0 dagger (weapon)
Armour
 b - a +0 robe (worn)
 c - a +0 hat (worn)
Scrolls
 d - a scroll of fog {unknown}
 e - a scroll of holy word {unknown}
 f - a scroll of identify {unknown}
 h - a scroll of teleportation {unknown}
 j - a scroll of magic mapping {unknown}
Potions
 g - a potion of heal wounds {unknown}
 i - a potion of resistance {unknown}
 k - a potion of cancellation {unknown}


   Skills:
 + Level 2.4 Dodging
 + Level 1.9 Stealth
 + Level 3.1 Spellcasting


You couldn't memorise any spells.
You knew the following spells:

 Your Spells              Type           Power      Damage    Failure   Level
a - Magic Dart            Conj           52%        1d5       4%          1
b - Blink                 Tloc           26%        N/A       8%          2
c - Call Imp              Summ           13%        N/A       8%          2
d - Slow                  Hex            52%        N/A       4%          1
e - Conjure Flame         Conj/Fire      13%        6-21      14%         3
f - Mephitic Cloud        Conj/Pois/Air  13%        N/A       14%         3
g - Summon Small Mammal   Summ           52%        N/A       4%          1
Your spell library was empty.

Dungeon Overview and Level Annotations

Branches:
Dungeon (2/15)

Altars:
Beogh


Innate Abilities, Weirdness & Mutations

You are immune to sickness and miasma.
You are immune to poison.
Your flesh is very heat resistant. (rF++)
You are vulnerable to cold. (rC-)
You float through the air rather than walking.
You learn spells naturally, not from books.
Your magical power is your life essence.
You have superior vitality. (+4 MHP)


Message History

Aiming: Mephitic Cloud (quite dangerous; 14% risk of failure)
Press: ? - help, Shift-Dir - straight line The ball explodes into a vile cloud!
The stinking cloud engulfs the gnoll but does no damage. x2
The gnoll is heavily wounded.
The stinking cloud engulfs the hobgoblin but does no damage.
You hear a shout!
You hear an angry hiss.
The gnoll closely misses you. The gnoll hits your rat with a +0 club!
Your rat dies!
Your rat's corpse disappears in a puff of smoke!
Your crimson imp hits the gnoll.
The gnoll closely misses your crimson imp.
The hobgoblin is engulfed in noxious fumes.
The hobgoblin appears confused.
The gnoll throws a throwing net.
The throwing net misses your crimson imp.
The throwing net hits the giant cockroach.
The giant cockroach is caught in the net!
Your crimson imp hits the gnoll.
Casting: Mephitic Cloud (quite dangerous; 14% risk of failure)
Confirm with . or Enter, or press ? or * to list all spells.
The gnoll barely misses you.
The giant cockroach struggles against the net.
Your crimson imp hits the gnoll.
The gnoll hits your crimson imp with a +0 spear.
The giant cockroach struggles against the net.
Your crimson imp blinks!
Your magical contamination has completely faded away.
Casting: Summon Small Mammal (safe; 4% risk of failure)
Confirm with . or Enter, or press ? or * to list all spells.
A beastly little devil appears in a puff of frigid air.
The gnoll hits you with a +0 whip!
* * * LOW HITPOINT WARNING * * *
The giant cockroach struggles against the net.
Your quokka bites the gnoll.
The giant cockroach struggles against the net.
The net rips apart, and the giant cockroach comes free!
Your quokka closely misses the gnoll.
The gnoll closely misses your quokka. The gnoll hits you with a +0 whip.
You die...

####### #.....#
#.....# #.....#
#.....# #.....#
#..@..###
#5.gr...#
#.g.g.#.##
#...B.#..#
##...g.#
#.......#
#.........(..
.....g.>.......
.#.............


You could see 4 gnolls, a giant cockroach, a hobgoblin (confused), a friendly
white imp (summoned) and a friendly quokka (summoned).

Vanquished Creatures
  2 dart slugs (D:1)
  2 bats (D:1)
  3 endoplasms (D:1)
  4 giant cockroaches (D:1)
  A hobgoblin (D:1)
  A quokka (D:1)
  2 ball pythons (D:1)
  A frilled lizard (D:1)
  3 goblins (D:1)
  2 kobolds (D:1)
  3 rats (D:1)
24 creatures vanquished.

Notes
Turn   | Place    | Note
-------+----------+-------------------------------------------
     0 | D:1      | Plasmagod the Djinni Hedge Wizard began the quest for the
                  | Orb.
     0 | D:1      | Reached XP level 1. HP: 15/15 MP: 0/0
   245 | D:1      | Reached XP level 2. HP: 18/21 MP: 0/0
   382 | D:1      | Found a faded altar of an unknown god.
   868 | D:1      | Reached skill level 3 in Spellcasting
   868 | D:1      | Reached XP level 3. HP: 24/25 MP: 0/0
   868 | D:1      | Learned a level 1 spell: Summon Small Mammal
  1679 | D:2      | HP: 1/25 [gnoll/+0 whip (7)]
  1680 | D:2      | Slain by a gnoll

Illustrated notes

Levels and vault maps discovered:
D:1:      lightli_arrival_statue_moat, layout_loops_corners,
          hellmonk_ecumenical_altar_defaced_shrine
D:2:      layout_rooms

Skill      XL: |  1  2 |
---------------+-------+-----
Spellcasting   | 3 |  3.1
Dodging        | |  2.4
Stealth        | |  1.9

Action                   || total
-------------------------++-------
 Cast: Magic Dart        ||    53
       Summon Small Mamm ||     4
       Call Imp          ||     3
       Mephitic Cloud    ||     1
Dodge: Dodged            ||     7
